 Dungeon Crawl Stone Soup version 0.26-a0-835-g8259106e14 (webtiles) character file.

Game seed: 17724056180876743530

303 pablito the Insei (level 6, -1/38 HPs)
             Began as an Octopode Transmuter on Nov 17, 2020.
             Was an Initiate of Ru.
             Killed by nerve-wracking pain
             ... invoked by an orc priest
              (13 damage)
             ... on level 3 of the Dungeon.
             The game lasted 00:08:17 (2610 turns).

pablito the Insei (Octopode Transmuter)             Turns: 2610, Time: 00:08:18

Health: -1/38      AC:  1    Str: 10    XL:     6   Next: 38%
Magic:  10/10      EV: 14    Int: 15    God:    Ru [......]
Gold:   180        SH:  0    Dex: 14    Spells: 7/11 levels left

rFire    . . .     SeeInvis .     - Unarmed
rCold    . . .     Faith    .   (no shield)
rNeg     . . .     Spirit   .   (helmet currently unavailable)
rPois    .         Reflect  .   (no amulet)
rElec    .         Harm     .   (no ring)
rCorr    .         Rampage  .   (no ring)
MR       .....                  (no ring)
Stlth    ++........             (no ring)
HPRegen  0.12/turn              (no ring)
MPRegen  0.12/turn              (no ring)
                                (no ring)
                                (no ring)

@: appendages (expiring)
A: almost no armour, stealthy swim, amphibious, 8 rings, constrict 8, tentacle
spike 3, camouflage 1, gelatinous body 1
a: End Transformation, Renounce Religion


You were on level 3 of the Dungeon.
You worshipped Ru.
Ru was noncommittal.
One of your tentacles had a temporary spike.
You visited 1 branch of the dungeon, and saw 3 of its levels.

You collected 180 gold pieces.

Inventory:

Missiles
 a - 21 poisoned darts (quivered)
Scrolls
 c - a scroll of amnesia {unknown}
 d - a scroll of enchant weapon {unknown}
 f - a scroll of blinking {unknown}
 g - a scroll of noise {unknown}
 j - a scroll of remove curse {unknown}
Potions
 b - a potion of ambrosia {unknown}
 h - a potion of heal wounds {unknown}
 i - a potion of degeneration {unknown}
 k - a potion of curing {unknown}
 l - a potion of flight {unknown}
 m - a potion of brilliance {unknown}


   Skills:
 - Level 1.0 Fighting
 + Level 2.1 Throwing
 + Level 3.1 Dodging
 * Level 4.6 Unarmed Combat
 + Level 3.0 Spellcasting
 + Level 3.2 Transmutations


You had 7 spell levels left.
You knew the following spells:

 Your Spells              Type           Power        Failure   Level
a - Beastly Appendage     Tmut           ##....       5%          1
b - Spider Form           Tmut/Pois      #.........   30%         3

Your spell library contained the following spells:

 Spells                   Type           Power        Failure   Level
 Wereblood                Tmut           ##......     8%          2
 Ice Form                 Ice/Tmut       #.......     71%         4
 Blade Hands              Tmut           ##........   82%         5


Dungeon Overview and Level Annotations

Branches:
Dungeon (3/15)

Altars:
Gozag
Ru
Trog
Zin


Innate Abilities, Weirdness & Mutations

You cannot wear most types of armour.
You are very stealthy in the water. (Stealth+)
You are amphibious.
You can wear up to eight rings at the same time.
You can use your tentacles to constrict eight enemies at once.
Your skin changes colour to match your surroundings (Stealth+).
Your rubbery body absorbs attacks. (AC +1, EV +1)
One of your tentacles bears a large vicious spike.


Message History

You tentacle-slap the orc priest but do no damage.
You squeeze the orc priest, but do no damage.
The orc priest is moderately wounded.
You constrict the orc priest. The orc closely misses you.
The orc priest closely misses you. The orc hits you with a +0 hand axe.
* * * LOW HITPOINT WARNING * * *
You release your grip on the orc priest.
The orc priest casts a cantrip, but nothing happens.
Your transformation is almost over.
You see here a ring mail.
The orc barely misses you.
You barely miss the orc. You grab the orc.
You pierce the orc.
The orc is almost dead.
You constrict the orc.
You kill the orc!
Okay, then.
Okay, then.
The orc priest mumbles some strange prayers to Beogh against you.
Pain shoots through your body!
You die...

#...# #........ # #...#
###.##.##.# #.
########...####.......#..
##.##.........).......##..#.#
.........................#.# #.
#.#........................# #.
#.#.....##'##..###..#....... #.
#....#..#o).#.####..........
###.###..g...#.#@#()..##........#
.....##...####o#.####.#####..<..#
###.......#..[.#....#....##.....#
.....>....g[#######.#.##.######.#
#.......#.#..(.#....#.##.######.#
#.##.####.####.#.####.##.........
#.##.####....#.#.#....##.#####.#.
..........<..#...#......รท...##.#.
#####.####.#.##'##...###.##.##.##


You could see an orc priest.

Vanquished Creatures
  Sigmund (D:3)
  Terence (D:2)
  4 gnolls (D:3)
  2 adders
  An ooze (D:1)
  A worm (D:2)
  A dart slug (D:1)
  3 orcs (D:3)
  3 giant cockroaches (D:2)
  5 goblins
  3 hobgoblins
  2 jackals (D:1)
  2 kobolds (D:1)
  2 quokkas
  8 bats
  5 rats (D:1)
44 creatures vanquished.

Notes
Turn   | Place    | Note
-------+----------+-------------------------------------------
     0 | D:1      | pablito the Octopode Transmuter began the quest for the
                  | Orb.
     0 | D:1      | Reached XP level 1. HP: 13/13 MP: 3/3
   448 | D:1      | Reached XP level 2. HP: 18/18 MP: 5/5
  1049 | D:2      | Reached XP level 3. HP: 19/23 MP: 6/6
  1053 | D:2      | Learned a level 3 spell: Spider Form
  1327 | D:2      | Found a sacrificial altar of Ru.
  1338 | D:2      | Became a worshipper of Ru the Awakened
  1600 | D:2      | Noticed Terence
  1608 | D:2      | Killed Terence
  1609 | D:2      | Reached skill level 1 in Throwing
  1609 | D:2      | Reached XP level 4. HP: 14/28 MP: 5/7
  2045 | D:2      | Found an opulent altar of Gozag.
  2045 | D:2      | Found a glowing silver altar of Zin.
  2046 | D:2      | Found a bloodstained altar of Trog.
  2214 | D:3      | Reached skill level 4 in Unarmed Combat
  2214 | D:3      | Reached XP level 5. HP: 16/33 MP: 8/8
  2484 | D:3      | Noticed Sigmund
  2495 | D:3      | Killed Sigmund
  2496 | D:3      | Reached XP level 6. HP: 38/38 MP: 7/10
  2610 | D:3      | Killed from afar by an orc priest

Illustrated notes

Levels and vault maps discovered:
D:1:      giann_bridges, layout_loops_ring
D:2:      layout_loops_cross, gammafunk_temple_overflow_claw, nrook_uturn,
          nicolae_ru_sacrificial_ziggurat, uniq_terence
D:3:      layout_loops_cross, nicolae_overflow_hidden_temple,
          chequers_serial_rivers_room_a, roderic_filled_cross,
          hangedman_decor_growths, minmay_misc_feat_hallway, uniq_ijyb,
          uniq_sigmund

Skill      XL: |  1  2  3  4  5 |
---------------+----------------+-----
Throwing       | 1 2 |  2.1
Unarmed Combat | 4 |  4.6
Dodging        | 3 |  3.1
Spellcasting   | 3 |  3.0
Transmutations | 3 |  3.2
Fighting       | |  1.0

Action                   |  1- 3 |  4- 6 || total
-------------------------+-------+-------++-------
Melee: Unarmed           |    33 |    15 ||    48
       Constrict         |    17 |    15 ||    32
       Whip              |    37 |    31 ||    68
       Tentacles         |    11 |    13 ||    24
       Punch             |     2 |     3 ||     5
       Kick              |     1 |     7 ||     8
 Cast: Beastly Appendage |     2 |     3 ||     5
       Spider Form       |     1 |       ||     1
 Stab: Sleeping          |     3 |       ||     3
Armor: Skin              |     5 |     7 ||    12
Dodge: Dodged            |    46 |    40 ||    86

Table legend: (Time is in decaauts)
 A = Elapsed time spent in this place.
 B = Non-inter-level travel time spent in this place.
 C = Inter-level travel time spent in this place.
 D = Time resting spent in this place.
 E = Time spent auto-exploring this place.
 F = Levels seen in this place.
 G = Mean time per level.
                   A        B        C        D        E       F      G
               +--------+--------+--------+--------+--------+-----+--------+
         Total |   2613 |   2580 |     33 |    716 |   1481 |   3 |  871.0 |
       Dungeon |   2613 |   2580 |     33 |    716 |   1481 |   3 |  871.0 |
               +--------+--------+--------+--------+--------+-----+--------+

Top non-repeatable levels by time:
     D:2: 1067 daAuts
     D:1: 997 daAuts
     D:3: 548 daAuts
